 Dungeon Crawl Stone Soup version 0.30-a0-459-g9104f0fc43 (webtiles) character file.

Game seed: 10155434900084514733

827 IdlyInterested the Ruffian (level 7, -9/54 HPs)
             Began as a Demonspawn Wanderer on Dec 15, 2022.
             Mangled by a two-headed ogre
             ... wielding a +0 giant spiked club
              (19 damage)
             ... on level 6 of the Dungeon.
             The game lasted 00:19:46 (5406 turns).

IdlyInterested the Ruffian (Demonspawn Wanderer)    Turns: 5406, Time: 00:19:46

Health: -9/54      AC: 11    Str: 16    XL:     7   Next: 64%
Magic:  13/13      EV:  7    Int: 12    God:
Gold:   77         SH:  0    Dex: 12    Spells: 14/14 levels left

rFire   + . .      SeeInvis +      - Unarmed
rCold   . . .      Faith    .    (no shield)
rNeg    . . .      Spirit   .    f - +1 chain mail
rPois   .          Reflect  .    (no helmet)
rElec   .          Harm     .    (no cloak)
rCorr   .          Rampage  .    (no gloves)
Will    .....                    (no boots)
Stlth   ..........               (no amulet)
HPRegen 0.29/turn                s - ring of protection from fire
MPRegen 0.13/turn                q - ring of see invisible

@: studying Fighting, invisible
A: claws 2, slimy green scales 1, spiny 1
a: no special abilities


You were on level 6 of the Dungeon.
You visited 1 branch of the dungeon, and saw 6 of its levels.

You collected 477 gold pieces.
You spent 400 gold pieces at shops.

Inventory:

Hand Weapons
 g - a +1 spear of flaming
 i - a +0 dagger of venom
 p - a +0 rapier
 v - a +0 flail of protection
 y - a +2 vampiric whip
 C - a +3 mace
Armour
 f - a +1 chain mail (worn)
Jewellery
 b - a ring of resist corrosion
 q - a ring of see invisible (right claw)
 s - a ring of protection from fire (left claw)
Wands
 e - a wand of charming (5)
Scrolls
 a - 2 scrolls of fog
 d - a scroll of vulnerability
 l - 3 scrolls of immolation
 m - a scroll of enchant armour
 o - a scroll of teleportation
 u - a scroll of blinking
 w - a scroll of torment
 x - a scroll of enchant weapon
 B - a scroll of magic mapping
Potions
 h - 3 potions of lignification
 j - 2 potions of resistance
 k - a potion of haste
 z - a potion of might
 A - a potion of curing
 D - a potion of attraction
 F - a potion of brilliance {unknown}


   Skills:
 + Level 4.3 Fighting
 - Level 1.0 Throwing
 - Level 2.0 Armour
 - Level 2.0 Dodging
 - Level 1.0 Stealth
 * Level 5.7 Unarmed Combat
 - Level 4.0 Spellcasting
 * Level 5.5 Evocations


You had 14 spell levels left.
You didn't know any spells.
Your spell library contained the following spells:

 Spells                   Type           Power      Damage    Failure   Level
 Apportation              Tloc           4%         N/A       99%         1
 Necrotise                Necr           8%         1d4       99%         1
 Summon Small Mammal      Summ           8%         N/A       99%         1
 Passwall                 Tmut/Erth      1%         N/A       99%         2
 Wereblood                Tmut           2%         N/A       99%         2
 Inner Flame              Hex/Fire       2%         N/A       100%        3
 Flame Wave               Conj/Fire      2%         2d4       100%        4
 Sticky Flame             Conj/Fire      2%         2d3       100%        4


Dungeon Overview and Level Annotations

Branches:
Dungeon (6/15)             Temple (0/1) D:5

Altars:
Sif Muna

Shops:
D:2 =


Innate Abilities, Weirdness & Mutations

You have very sharp fingernails.
You are partially covered in slimy green scales. (AC +2)
You are partially covered in sharp spines.


Message History

Anything else - Cancel.
Gang up on whom?
Press: ? - help, Dir - move target, f - two-headed ogre, p - iguana
Aim: a two-headed ogre, wielding a +0 giant spiked club and a +0 giant club Attack!
Throw: 2 stones
Press: ? - help, Q - select action, (/) - cycle Shift-Dir - straight line, f/p - two-headed ogre
Aim: a two-headed ogre, wielding a +0 giant spiked club and a +0 giant club (ally target, 74% to hit)
You throw a stone.
The stone barely misses the two-headed ogre.
Throw: stone
Press: ? - help, Q - select action, (/) - cycle Shift-Dir - straight line, f/p - two-headed ogre
Aim: a two-headed ogre, wielding a +0 giant spiked club and a +0 giant club (ally target, 74% to hit)
You throw a stone. The stone hits the two-headed ogre.
The two-headed ogre is lightly wounded.
You barely miss the two-headed ogre.
The two-headed ogre is lightly wounded.
The two-headed ogre barely misses you.
The two-headed ogre hits you with a +0 giant club!!
You scratch the two-headed ogre.
The two-headed ogre is lightly wounded.
The two-headed ogre is struck by your spines.
The two-headed ogre hits you with a +0 giant spiked club.
The two-headed ogre hits you with a +0 giant club!
* * * LOW HITPOINT WARNING * * *
You feel much better.
Your iguana bites the two-headed ogre!
You completely miss the two-headed ogre.
You claw the two-headed ogre!
The two-headed ogre is heavily wounded.
The two-headed ogre hits you with a +0 giant spiked club!
The two-headed ogre hits you with a +0 giant club!
* * * LOW HITPOINT WARNING * * *
Your iguana barely misses the two-headed ogre.
You fade into invisibility!
Your iguana bites the two-headed ogre.
You scratch the two-headed ogre.
The two-headed ogre is severely wounded.
The two-headed ogre is struck by your spines.
The two-headed ogre hits you with a +0 giant spiked club!!
You die...

***###.......##....###..* ** *
**#........##....#..#* *
**......#....#.......# *
**,......##....#......#****** **
**,,.###..*##.........#**,,,,***,
,,,*** #..* ##........#.,,,,,,,,,
,,** #.,** ##>........,,,,,,,,,
*,* *,,,* ##........,,,,,,,,,
,,*** *,,,** *#@Ol.....,,,,,,,,,
,,,,** *,,,,**#.........,,,,,,,,,
*,,,,***,,,,*#..>.......,,,,,,,,,
,,*,,,**,,,,............,,,,,,,,,
,***,,,,,,,.............,,,,,,,,,
,* *#.......###.........,,,,,,,,,
*###.......#* #.........,,,,,,,,,
##.........* #.........,,,,,,,,,
#..........* *,,,,,,,,,,,,,,,,,,


You could see a two-headed ogre (unable to see you, ally target) and a friendly
iguana (charmed).

Vanquished Creatures
  A water moccasin (D:5)
  A black bear (D:5)
  A phantom (D:4)
  2 scorpions
  A howler monkey (D:4)
  An orc priest (D:4)
  2 hounds
  3 orc wizards
  5 gnolls
  6 adders
  A shadow imp (D:4)
  An ufetubus (D:5)
  A dart slug (D:1)
  16 orcs
  2 bats
  6 endoplasms
  A giant cockroach (D:1)
  13 goblins
  9 hobgoblins
  5 jackals
  5 kobolds
  4 quokkas
  11 ball pythons
  A frilled lizard (D:1)
  4 rats
103 creatures vanquished.

Vanquished Creatures (collateral kills)
  A gnoll (D:1)
  An endoplasm (D:1)
  A giant cockroach (D:1)
3 creatures vanquished.

Vanquished Creatures (others)
  A plant (D:1)
  5 toadstools (D:2)
6 creatures vanquished.

Grand Total: 112 creatures vanquished

Notes
Turn   | Place    | Note
-------+----------+-------------------------------------------
     0 | D:1      | IdlyInterested the Demonspawn Wanderer began the quest for
                  | the Orb.
     0 | D:1      | IdlyInterested set off with the following items: a +0 club,
                  | a +0 pair of gloves, a potion of heal wounds, a +0 leather
                  | armour, a wand of charming (8); and the following spells
                  | available to memorise: Passwall, Wereblood.
     0 | D:1      | Reached XP level 1. HP: 13/13 MP: 5/5
   148 | D:1      | Reached skill level 1 in Fighting
   156 | D:1      | Reached skill level 1 in Armour
   156 | D:1      | Gained mutation: You have sharp fingernails. [demonic
                  | ancestry]
   156 | D:1      | Reached XP level 2. HP: 16/21 MP: 7/7
   616 | D:1      | Reached skill level 1 in Dodging
   616 | D:1      | Reached skill level 1 in Unarmed Combat
   616 | D:1      | Gained mutation: You are partially covered in sharp spines.
                  | [demonic ancestry]
   616 | D:1      | Reached XP level 3. HP: 26/26 MP: 8/8
   935 | D:2      | Found Gadwoan's Jewellery Emporium.
   990 | D:2      | Reached skill level 1 in Throwing
  1992 | D:2      | Bought a ring of see invisible for 150 gold pieces
  2102 | D:3      | Gained mutation: You have very sharp fingernails. [demonic
                  | ancestry]
  2102 | D:3      | Reached XP level 4. HP: 33/33 MP: 10/10
  2179 | D:3      | Identified a scroll of acquirement
  2179 | D:3      | Acquired a manual of Fighting
  2935 | D:3      | Found a faded altar of an unknown god.
  3145 | D:4      | Gained mutation: You are partially covered in slimy green
                  | scales. (AC +2) [demonic ancestry]
  3145 | D:4      | Reached XP level 5. HP: 32/41 MP: 11/11
  3424 | D:4      | Reached XP level 6. HP: 39/47 MP: 12/12
  4034 | D:5      | Entered Level 5 of the Dungeon
  4120 | D:5      | Reached XP level 7. HP: 36/54 MP: 13/13
  4336 | D:5      | Reached skill level 5 in Unarmed Combat
  4476 | D:5      | Found a shimmering blue altar of Sif Muna.
  4778 | D:5      | Found a staircase to the Ecumenical Temple.
  5188 | D:2      | Bought a ring of protection from fire for 250 gold pieces
  5394 | D:6      | Noticed a two-headed ogre
  5406 | D:6      | Mangled by a two-headed ogre

Illustrated notes

Levels and vault maps discovered:
D:1:      dpeg_arrival_erosion, layout_rooms, nicolae_grassy_gnolls
D:2:      cheibrodos_greedy_goblins, layout_basic, serial_shops,
          nicolae_shop_hallway_stairs, minmay_gold_behind_fungi
D:3:      layout_loops_corners, dreamdust_ecumenical_altar_hidden_monk_grotto,
          item_on_display_a
D:4:      layout_basic
D:5:      layout_loops_ring, kennysheep_orc_sif_temple,
          minmay_temple_entry_from_below_a, serial_glass, glass_columns_b,
          glass_columns_c, glass_columns_a, glass_columns_a, glass_columns_a,
          glass_columns_a, minmay_misc_feat_secret_circle
D:6:      layout_layer_cave, grunt_qazlal_clouds,
          nicolae_wu_jian_immortal_techniques, serial_shops, shop_fountains

Skill      XL: |  1  2  3  4  5  6  7 |
---------------+----------------------+-----
Fighting       | 1 3 4 |  4.3
Armour         | 1 2 |  2.0
Dodging        | 1 2 |  2.0
Unarmed Combat | 1 2 4 5 |  5.7
Throwing       | 1 |  1.0
Stealth        | |  1.0
Spellcasting   | |  4.0
Evocations     | |  5.5

Action                   |  1- 3 |  4- 6 |  7- 9 || total
-------------------------+-------+-------+-------++-------
Melee: Club              |   113 |       |       ||   113
       Punch             |     4 |     2 |     4 ||    10
       Spear             |    35 |     3 |       ||    38
       Unarmed           |       |   143 |    56 ||   199
Throw: Stone             |    14 |     6 |     7 ||    27
Evoke: Wand              |     2 |       |     1 ||     3
  Use: Scroll            |     5 |    11 |     4 ||    20
       Potion            |       |     1 |     4 ||     5
Armor: Chain mail        |   142 |    57 |    31 ||   230
Dodge: Dodged            |    59 |    44 |    14 ||   117

Table legend: (Time is in decaauts)
 A = Elapsed time spent in this place.
 B = Non-inter-level travel time spent in this place.
 C = Inter-level travel time spent in this place.
 D = Time resting spent in this place.
 E = Time spent auto-exploring this place.
 F = Levels seen in this place.
 G = Mean time per level.
                   A        B        C        D        E       F      G
               +--------+--------+--------+--------+--------+-----+--------+
         Total |   5440 |   4767 |    673 |    657 |   2886 |   6 |  906.7 |
       Dungeon |   5440 |   4767 |    673 |    657 |   2886 |   6 |  906.7 |
               +--------+--------+--------+--------+--------+-----+--------+

Top non-repeatable levels by time:
     D:2: 1186 daAuts
     D:4: 1134 daAuts
     D:5: 1050 daAuts
     D:1: 1015 daAuts
     D:3: 1003 daAuts
     D:6: 49 daAuts
